 Dungeon Crawl Stone Soup version 0.21-a0-344-g2144152 (webtiles) character file.

1780063 Scytalen the Slayer (level 27, 173/173 HPs)
             Began as a Gargoyle Berserker on Sept 25, 2017.
             Was the Champion of Trog.
             Escaped with the Orb
             ... and 3 runes on Oct 4, 2017!
             The game lasted 04:37:19 (64867 turns).

Scytalen the Slayer (Gargoyle Berserker)           Turns: 64867, Time: 04:37:20

Health: 173/173    AC: 60    Str: 36    XL:     27
Magic:  18/18      EV: 23    Int:  7    God:    Trog [******]
Gold:   6734       SH: 37    Dex: 37    Spells: 26/26 levels left

rFire    + + .     SeeInvis .   M - +4 eveningstar (freeze)
rCold    + + +     Gourm    .   q - +7 large shield
rNeg     + . .     Faith    .   N - +1 gold dragon scales
rPois    ∞         Spirit   .   O - +2 hat {MR+}
rElec    +         Reflect  .   o - +2 cloak {rPois}
rCorr    .         Harm     .   h - +0 pair of fencer's gloves {+Riposte Dex+3}
MR       +++..                  D - +2 pair of boots "Plog" {rC+ Dex+7}
Stlth    ..........             y - amulet "Enea" {RegenMP rElec rPois Str+7 Stlth-}
HPRegen  0.38/turn              b - +4 ring of slaying
MPRegen  0.41/turn              I - ring of Piageaki {*Contam rF+ rC+ Str+6 Dex+10}

@: flying
A: big wings, camouflage 1, dopey 1, frail 1, low mp 2, negative energy
resistance 1, screaming 1, electricity resistance, weak 1, unbreathing,
petrification resistance, rot immunity, sturdy frame 1, AC +20
0: Orb of Zot
}: 3/15 runes: serpentine, barnacled, silver
a: Stop Flying, Berserk, Trog's Hand, Brothers in Arms, Burn Spellbooks,
Renounce Religion


You escaped.
You worshipped Trog.
Trog was exalted by your worship.
You were not hungry.

You visited 8 branches of the dungeon, and saw 46 of its levels.
You visited the Abyss 2 times.
You also visited: Bailey.

You collected 8568 gold pieces.
You spent 1834 gold pieces at shops.

Inventory:

Hand Weapons
 G - a +3 demon whip of venom
 M - a +4 eveningstar of freezing (weapon)
Missiles
 g - 1332 stones (quivered)
Armour
 h - the +0 pair of fencer's gloves (worn) {+Riposte Dex+3}
   (You acquired it on level 1 of the Vaults)

   It affects your dexterity (+3).
 o - a +2 cloak of poison resistance (worn)
 q - a +7 large shield (worn)
 D - the +2 pair of boots "Plog" (worn) {rC+ Dex+7}
   (You acquired it on level 3 of the Vaults)

   It affects your dexterity (+7).
   It protects you from cold.
 N - +1 gold dragon scales (worn)
 O - a +2 hat of magic resistance (worn)
Jewellery
 b - a +4 ring of slaying (left hand)
 y - the amulet "Enea" (around neck) {RegenMP rElec rPois Str+7 Stlth-}
   (You found it on level 11 of the Dungeon)

   [amulet of magic regeneration]

   It increases your magic regeneration.
   It affects your strength (+7).
   It insulates you from electricity.
   It protects you from poison.
   It makes you less stealthy.
 I - the ring of Piageaki (right hand) {*Contam rF+ rC+ Str+6 Dex+10}
   (You bought it in a shop on level 5 of the Depths)

   [ring of protection from cold]

   It affects your strength (+6).
   It affects your dexterity (+10).
   It protects you from fire.
   It protects you from cold.
   It causes magical contamination when unequipped.
 J - an uncursed ring of protection from fire
Wands
 a - a wand of lightning (7/15)
 u - a wand of disintegration (18/24)
 Q - a wand of digging (0/24)
Scrolls
 e - 7 scrolls of fear
 i - 27 scrolls of remove curse
 l - 6 scrolls of teleportation
 m - 23 scrolls of identify
 n - a scroll of brand weapon
 p - 2 scrolls of blinking
 F - 11 scrolls of recharging
 K - a scroll of enchant weapon
 P - 14 scrolls of magic mapping
 R - 8 scrolls of fog
 T - a scroll of holy word
 X - 2 scrolls of summoning
 Z - 5 scrolls of silence
Potions
 d - 22 potions of curing
 j - 6 potions of resistance
 t - 2 potions of ambrosia
 x - a potion of berserk rage
 z - 7 potions of haste
 B - 4 potions of agility
 C - 3 potions of cancellation
 H - 2 potions of brilliance
 L - 5 potions of magic
 S - 7 potions of heal wounds
 W - 5 potions of invisibility
 Y - 8 potions of might
Miscellaneous
 k - 3 sacks of spiders
 r - a phial of floods
 v - a fan of gales
 w - a lamp of fire
 E - a lightning rod (4/4)
Comestibles
 c - 16 bread rations
 A - 57 fruits


   Skills:
 + Level 25.4 Fighting
 + Level 21.6 Maces & Flails
 + Level 25.4 Armour
 + Level 14.0 Dodging
 - Level 25.0 Shields


You had 26 spell levels left.
You didn't know any spells.

Dungeon Overview and Level Annotations

Branches:
Dungeon (15/15)            Temple (0/1) D:7            Lair (6/6) D:10
 Shoals (4/4) Lair:3        Snake (4/4) Lair:3        Slime (0/5) Lair:6
    Orc (2/2) D:11            Elf (0/3) Orc:2        Vaults (5/5) D:13
  Crypt (0/3) Vaults:2     Depths (5/5) D:15            Zot (5/5) Depths:5

Altars:
Ashenzari
Elyvilon
Fedhas
Hepliaklqana
Makhleb
Nemelex Xobeh
Okawaru
Qazlal
Sif Muna
Trog
Uskayaw
Wu Jian
Xom
Yredelemnul
The Shining One
Beogh
Jiyva

Shops:
D:11 :   Orc:2 *(**=   Vaults:2 *   Vaults:3 %!([[   Depths:2 [   Depths:3 }}*:
Depths:5 =}=:

Portals:
Hell: Depths:1 Depths:2 Depths:3 Depths:4 Depths:5
Abyss: Depths:1 Depths:4
Pandemonium: Depths:3
Ziggurat: Depths:5
Trove: Depths:2 (give 11 potions of heal wounds)

Annotations:
Snake:2 1 runed door


Innate Abilities, Weirdness & Mutations

You are resistant to torment.
Your stone body is resilient. (AC +20)
You are immune to poison.
Your large and strong wings let you fly indefinitely.
You resist negative energy. (rN+)
You are resistant to electric shocks. (rElec)
You can survive without breathing.
You are immune to petrification.
You are immune to rotting.
Your skin changes colour to match your surroundings (Stealth+).
You are dopey. (Int -2)
You are frail. (-10% HP)
Your magical capacity is very low. (-20% MP)
You occasionally shout uncontrollably at your foes.
You are weak. (Str -2)
Your movements are slightly less encumbered by armour. (ER -2)


Message History

(Z) Zot
Where to? (Enter - D:1, ? - help)
A Hell Sentinel comes into view.
You feel yourself speed up.
You see here a club.
There is a stone staircase leading up here.
You fly upwards.
There is a stone staircase leading down here.
(D) Dungeon (T) Temple (L) Lair (A) Shoals (P) Snake Pit (M) Slime Pits (O) Orcish Mines (E) Elven Halls (V) Vaults (C) Crypt (U) Depths (H) Hell (Z) Zot
Where to? (Enter - D:1, ? - help)
There is a stone staircase leading up here.
Your extra speed is starting to run out.
You fly upwards.
There is a stone staircase leading down here.
You feel yourself slow down.
There is a staircase leading out of the dungeon here.
You have escaped!

..## ##.##.#.>##.##### ...##
##.#####.....#####
.##.###.##...#.....#...#
.##..#.###.8?#.....#.8.##
.##.#..###...#.....#...##
.......#######.....######
........#...............#
........#...............#
..#.#...#.......@.......#
..#.....#...............#######
..#...........................#
..#.....######.....##########.#
.......###...#.....#...#...##)###
.......###.8.#.....#.8.###.....>.
####...###...#.....#...######.###
#...#######.....##########.#
#...########..######.......#


There were no monsters in sight!

Vanquished Creatures
  4 orbs of fire (Zot:5)
  Mara (Depths:3)
  4 ancient liches
  3 juggernauts
  Sojobo (Depths:4)
  Boris (Depths:3)
  3 Killer Klowns (Zot:5)
  2 caustic shrikes (Depths:3)
  Xtahua (Depths:4)
  Nikola (Depths:1)
  10 golden dragons
  2 electric golems
  Rupert (D:15)
  12 tentacled monstrosities
  7 liches
  26 Orb Guardians
  2 titans (Vaults:5)
  6 quicksilver dragons
  11 sphinxes
  4 tentacled starspawn (Abyss:3)
  Polyphemus (Shoals:2)
  Frances (Snake:3)
  6 death cobs
  Kirke (Lair:4)
  9 shadow dragons
  14 tengu reavers
  Donald (Vaults:1)
  13 storm dragons
  2 draconian monks (Zot:3)
  11 nagarajas
  2 deep elf sorcerers
  Ilsuiw (Shoals:3)
  3 iron dragons
  2 ghost moths
  2 draconian knights (Zot:3)
  22 vault wardens
  A deep elf elementalist (Vaults:5)
  Aizul (Snake:2)
  6 draconian shifters
  5 draconian scorchers
  17 frost giants
  6 draconian stormcallers
  14 fire giants
  22 ironheart preservers
  4 spriggan defenders
  2 war gargoyles
  3 juggernaut skeletons (Depths:2)
  2 entropy weavers
  2 caustic shrike skeletons (Depths:2)
  8 draconian annihilators
  27 very ugly things
  20 stone giants
  3 vampire knights
  9 green draconians
  4 deep elf demonologists
  7 black draconians
  5 deep elf annihilators
  8 spark wasps
  8 red draconians
  5 white draconians
  10 purple draconians
  7 yellow draconians
  A deep elf death mage (Vaults:5)
  Snorg (Lair:4)
  25 ettins
  A green death (Abyss:3)
  6 merfolk javelineers
  4 deep elf high priests
  21 yaktaur captains
  9 merfolk impalers
  Josephine (D:10)
  16 fire dragons
  Harold (Lair:1)
  8 hydras
  8 great orbs of eyes
  11 ice dragons
  Erolcha (Orc:1)
  6 rakshasas
  6 spriggan air magi
  38 vault guards
  2 alligator snapping turtles (Shoals:4)
  3 catoblepae
  12 naga warriors
  3 death knights
  A merfolk aquamancer (Shoals:4)
  A satyr (Shoals:3)
  11 anacondas
  19 ogre magi
  56 two-headed ogres
  7 merfolk avatars
  A satyr (shapeshifter) (Depths:3)
  The ghost of p0werm0de the Fighter, a novice DsFE of Cheibriados (Lair:2)
  9 centaur warriors
  8 death yaks
  Erica (D:8)
  5 tengu warriors
  A dancing weapon (Vaults:5)
  20 deep troll earth magi
  17 deep troll shamans
  4 vampire magi
  An orc high priest (Orc:1)
  5 spriggan berserkers
  11 shock serpents
  Urug (D:14)
  4 deep elf knights
  15 naga sharpshooters
  A titan skeleton (Depths:2)
  Sonja (Lair:4)
  2 sixfirhies
  The ghost of zero the Cleaver, a novice GrBe of Trog (Bailey)
  2 salamander mystics
  5 shadow wraiths
  5 unseen horrors
  2 wretched stars (Abyss:3)
  5 iron trolls
  8 hell knights
  10 sea snakes
  31 skeletal warriors
  5 flayed ghosts
  A spatial maelstrom (Abyss:3)
  8 naga ritualists
  A death drake (Abyss:3)
  53 deep trolls
  7 glowing orange brains
  20 orc knights
  6 wizards
  8 deep elf archers
  10 large abominations
  16 ironbrand convokers
  An orange crystal statue (Depths:3)
  4 phantasmal warriors
  10 harpies
  A golden dragon skeleton (Depths:2)
  A shadow dragon skeleton (Depths:2)
  7 wolf spiders
  An orb spider (shapeshifter) (Depths:3)
  2 necromancers
  The ghost of tidbits the Insei, a novice DgTm (D:7)
  3 orc sorcerers
  4 salamanders
  A manticore (shapeshifter) (Depths:4)
  8 deep elf magi
  13 mana vipers
  4 fauns (Shoals:2)
  41 ugly things
  14 manticores
  A moth of wrath (shapeshifter) (Depths:4)
  A salamander (shapeshifter) (Vaults:2)
  2 iron dragon skeletons (Depths:2)
  15 cyclopes
  An elephant (shapeshifter) (Vaults:5)
  18 moths of wrath
  5 guardian serpents
  10 vault sentinels
  10 merfolk sirens
  Maurice (D:11)
  43 black mambas
  An apocalypse crab (Abyss:3)
  4 fire giant skeletons
  10 naga magi
  A frost giant skeleton (Depths:2)
  A torpor snail (Lair:3)
  3 smoke demons (Abyss:3)
  7 water nymphs
  The ghost of p0werm0de the Magician, a novice DsFE (D:5)
  A hellion (Depths:3)
  3 centaur skeletons (D:15)
  2 gargoyles
  14 spiny frogs
  An efreet (D:15)
  3 elf skeletons (Depths:2)
  4 rime drakes
  11 komodo dragons
  76 yaktaurs
  9 freezing wraiths
  7 starcursed masses (Abyss:3)
  2 yaktaurs (shapeshifter)
  7 human skeletons (Vaults:2)
  An ancient zyme (Abyss:3)
  4 tengu conjurers
  An ice devil (Depths:1)
  A merfolk (shapeshifter) (Depths:3)
  28 merfolk
  19 trolls
  A troll (shapeshifter) (Depths:4)
  3 red devils
  4 hellwings
  2 blink frogs (shapeshifter)
  3 polar bears
  7 wind drakes
  A raiju (shapeshifter) (Vaults:1)
  9 blink frogs
  15 hippogriffs
  5 raiju (Abyss:3)
  20 hornets
  30 slime creatures
  7 snapping turtles
  7 dream sheep
  A centaur simulacrum (D:14)
  12 flying skulls (Depths:2)
  A spriggan skeleton (Depths:2)
  2 air elementals (Depths:5)
  A redback (Lair:6)
  An ettin skeleton (Depths:2)
  47 yaks
  A shadow (D:15)
  6 water elementals
  A tarantella (shapeshifter) (Depths:3)
  8 wyverns
  3 vampires (D:15)
  A fire bat (shapeshifter) (Depths:3)
  8 spriggans
  A spriggan (shapeshifter) (Vaults:4)
  A ynoxinul (D:11)
  5 wraiths
  8 basilisks
  Eustachio (D:4)
  A golden eye (shapeshifter) (D:15)
  2 steam dragons (Lair:6)
  The ghost of tidbits the Grave Robber, an amateur DrNe (D:3)
  A harpy simulacrum (D:15)
  8 vampire mosquitoes
  3 hungry ghosts
  2 spatial vortices (Abyss:3)
  A soldier ant (D:11)
  The ghost of zero the Cudgeler, an amateur GrBe of Trog (D:4)
  52 nagas
  3 acid dragons
  A soldier ant (shapeshifter) (D:15)
  8 wargs
  19 water moccasins
  4 black bears
  6 sky beasts
  4 ice beasts
  A slave (D:6)
  9 porcupines
  2 necrophages
  5 phantoms
  33 orc warriors
  A black bear (shapeshifter) (Vaults:4)
  3 eyes of draining
  37 wolves
  13 boggarts
  6 centaurs
  42 ogres
  A centaur (shapeshifter) (Vaults:4)
  14 crocodiles
  An orc skeleton (Vaults:2)
  7 big kobolds
  15 bullfrogs
  A water moccasin zombie (D:10)
  A wyvern skeleton (D:15)
  3 scorpions
  7 small abominations
  9 killer bees
  7 wights
  5 howler monkeys
  2 tengu skeletons (Depths:2)
  3 crimson imps
  A quasit (Abyss:3)
  3 bullfrog skeletons
  A bullfrog zombie (D:11)
  2 hounds
  7 centaur zombies
  14 orc priests
  4 jellies
  Crazy Yiuf (D:6)
  An iron imp (Depths:4)
  7 iguanas
  4 hell rats (Lair:3)
  20 orc wizards
  13 worker ants
  Robin (D:2)
  11 gnolls
  A worker ant zombie (D:5)
  16 adders
  4 shadow imps
  A white imp (Abyss:3)
  3 ufetubi
  2 oozes (D:1)
  An adder zombie (D:9)
  An adder skeleton (D:6)
  A worm (D:3)
  2 dart slugs
  10 leopard geckos
  97 orcs
  5 ball pythons
  4 giant cockroaches
  23 goblins
  12 hobgoblins
  19 jackals
  3 quokkas
  12 bats
  6 frilled lizards
  2 jackal skeletons
  30 kobolds
  A quokka skeleton (D:9)
  A quokka zombie (D:6)
  4 rats
  3 crawling corpses (Vaults:5)
  7 plants
  A starspawn tentacle (Abyss:3)
2365 creatures vanquished.

Vanquished Creatures (collateral kills)
  An orb of fire (Zot:5)
  Vashnia (Snake:2)
  A tentacled monstrosity (Zot:5)
  A vault warden (Vaults:5)
  2 frost giants (Vaults:5)
  An ironheart preserver (Vaults:5)
  A stone giant (Vaults:3)
  A war gargoyle (Vaults:5)
  A slime creature (Vaults:1)
  A yaktaur captain (D:11)
  A vault guard (Vaults:5)
  3 two-headed ogres (Vaults:5)
  A death yak (Lair:6)
  A hell knight (Vaults:5)
  Pikel (D:6)
  An ugly thing (Vaults:5)
  A vault sentinel (Vaults:5)
  2 yaktaurs (Vaults:5)
  2 dream sheep (Lair:6)
  2 wyverns (Lair:6)
  A water moccasin (Lair:6)
  A slave (D:6)
  An ogre (D:6)
  A crocodile (Lair:6)
  2 bullfrogs
  A wight (D:6)
  An adder zombie (D:6)
  An adder skeleton (D:6)
35 creatures vanquished.

Vanquished Creatures (others)
  An azure jelly (shapeshifter) (Vaults:5)
  A swamp dragon (Lair:6)
  A necromancer (Depths:2)
  A deep elf mage (Vaults:3)
  An ugly thing (D:14)
  A human (Lair:6)
  A water moccasin (Lair:3)
  A porcupine (Lair:4)
  A boggart (Vaults:3)
  A crimson imp (D:6)
  An orc wizard (D:8)
  A worker ant (D:6)
  2 adders (Lair:4)
  2 kobolds (Bailey)
  A bush (Lair:6)
  31 fungi
  32 plants
  10 starspawn tentacles (Abyss:3)
90 creatures vanquished.

Grand Total: 2490 creatures vanquished

Notes
Turn   | Place    | Note
-------+----------+-------------------------------------------
     0 | D:1      | Scytalen the Gargoyle Berserker began the quest for the Orb.
     0 | D:1      | Reached XP level 1. HP: 14/14 MP: 1/1
   193 | D:1      | Found a shattered altar of Ashenzari.
   315 | D:1      | Reached XP level 2. HP: 18/19 MP: 2/2
   406 | D:1      | Reached XP level 3. HP: 23/23 MP: 3/3
   576 | D:1      | Reached ** piety under Trog
  1048 | D:2      | Noticed Robin
  1107 | D:2      | Reached XP level 4. HP: 28/28 MP: 4/4
  1228 | D:2      | Found an iron altar of Okawaru.
  1401 | D:2      | Reached skill level 5 in Maces & Flails
  1583 | D:2      | Killed Robin
  1691 | D:3      | Noticed tidbits's ghost (amateur DrNe)
  1707 | D:3      | Killed tidbits's ghost
  1707 | D:3      | Reached XP level 5. HP: 32/32 MP: 5/5
  1770 | D:3      | Reached XP level 6. HP: 37/37 MP: 6/6
  1831 | D:3      | Reached *** piety under Trog
  2604 | D:3      | Found a burning altar of Makhleb.
  2605 | D:3      | Found a stormy altar of Qazlal.
  2987 | D:4      | Noticed zero's ghost (amateur GrBe)
  3001 | D:4      | Killed zero's ghost
  3001 | D:4      | Reached XP level 7. HP: 41/41 MP: 7/7
  3942 | D:5      | Entered Level 5 of the Dungeon
  3942 | D:5      | Noticed p0werm0de's ghost (novice DsFE)
  3963 | D:5      | Killed p0werm0de's ghost
  3963 | D:5      | Reached XP level 8. HP: 46/46 MP: 8/8
  4099 | D:5      | Reached skill level 10 in Maces & Flails
  4270 | D:5      | Noticed Eustachio
  4308 | D:4      | Killed Eustachio
  4416 | D:5      | Reached **** piety under Trog
  4668 | D:5      | Reached XP level 9. HP: 46/51 MP: 9/9
  5434 | D:6      | Noticed Pikel
  5452 | D:6      | Killed Pikel
  5521 | D:6      | Identified the Handbook of Combat Magic
  5534 | D:6      | Found an ornate altar of the Wu Jian Council.
  5834 | D:6      | Reached skill level 5 in Fighting
  5908 | D:6      | Found a hazy altar of Hepliaklqana.
  5947 | D:6      | Found a deep blue altar of Sif Muna.
  5972 | D:6      | Found a white marble altar of Elyvilon.
  6072 | D:6      | Found a runed door.
  6076 | D:6      | Noticed Crazy Yiuf
  6080 | D:6      | Killed Crazy Yiuf
  6306 | D:7      | Noticed tidbits's ghost (novice DgTm)
  6319 | D:7      | Killed tidbits's ghost
  6319 | D:7      | Reached skill level 5 in Armour
  6319 | D:7      | Reached XP level 10. HP: 60/60 MP: 10/10
  6400 | D:7      | Found a blossoming altar of Fedhas.
  6510 | D:7      | Found a hide-covered altar of Uskayaw.
  6575 | D:7      | Found a white marble altar of Elyvilon.
  6575 | D:7      | Found a deep blue altar of Sif Muna.
  6743 | D:7      | Found a staircase to the Ecumenical Temple.
  7198 | D:8      | Noticed a two-headed ogre
  7320 | D:8      | Noticed Erica
  7325 | D:8      | Noticed a two-headed ogre
  7332 | D:8      | Killed Erica
  7336 | D:8      | Killed a two-headed ogre
  7384 | D:8      | Found a flagged portal.
  7393 | Bailey   | Entered a bailey
  7426 | Bailey   | Noticed zero's ghost (novice GrBe)
  7435 | Bailey   | Noticed an orc knight
  7442 | Bailey   | Killed an orc knight
  7510 | Bailey   | Reached XP level 11. HP: 68/68 MP: 11/11
  7534 | Bailey   | Killed zero's ghost
  7788 | D:8      | Killed a two-headed ogre
  7806 | D:8      | Reached ***** piety under Trog
  8117 | D:9      | Noticed a two-headed ogre
  8578 | D:9      | Killed a two-headed ogre
  8808 | D:9      | Noticed a two-headed ogre
  8820 | D:9      | Killed a two-headed ogre
  8947 | D:9      | Noticed a three-headed hydra
  8969 | D:9      | Killed a three-headed hydra
  9264 | D:9      | Reached skill level 10 in Fighting
  9278 | D:9      | Reached XP level 12. HP: 71/77 MP: 12/12
  9511 | D:10     | Entered Level 10 of the Dungeon
  9676 | D:10     | Reached skill level 10 in Armour
  9903 | D:10     | Noticed a two-headed ogre
  9911 | D:10     | Killed a two-headed ogre
 10003 | D:10     | Found a staircase to the Lair.
 10562 | D:11     | Noticed Josephine
 10575 | D:10     | Killed Josephine
 10747 | D:11     | Found a staircase to the Orcish Mines.
 10878 | D:11     | Found a roughly hewn altar of Beogh.
 10928 | D:11     | Noticed Maurice
 10949 | D:11     | Killed Maurice
 11031 | D:11     | Found a transporter.
 11031 | D:11     | Found a transporter.
 11053 | D:11     | Noticed a yaktaur captain
 11076 | D:11     | Noticed a tengu warrior
 11079 | D:11     | Noticed a tengu warrior
 11092 | D:11     | Killed a tengu warrior
 11096 | D:11     | Killed a tengu warrior
 11300 | D:11     | Found Onoeluh's Book Shoppe.
 11419 | D:11     | Noticed a tengu reaver
 11678 | Lair:1   | Entered Level 1 of the Lair of Beasts
 11689 | Lair:1   | Noticed a five-headed hydra
 11777 | Lair:1   | Killed a five-headed hydra
 11777 | Lair:1   | Reached skill level 15 in Maces & Flails
 11867 | Lair:1   | Reached ****** piety under Trog
 11885 | Lair:1   | Reached XP level 13. HP: 61/85 MP: 13/13
 12366 | Lair:1   | Noticed Harold
 12379 | Lair:1   | Killed Harold
 13463 | Lair:2   | Got an ichor-stained flail
 13464 | Lair:2   | Identified the +10 flail "Mocsat" {venom, *Slow rC++ Dex+3 SInv} (You found it on level 2 of the Lair of Beasts)
 13480 | Lair:2   | Received a gift from Trog
 13665 | Lair:2   | Noticed p0werm0de's ghost (novice DsFE)
 13681 | Lair:2   | Killed p0werm0de's ghost
 14079 | Lair:3   | Reached skill level 1 in Shields
 14292 | Lair:3   | Found a staircase to the Shoals.
 14318 | Lair:3   | Reached skill level 5 in Shields
 14688 | Lair:3   | Found a staircase to the Snake Pit.
 15037 | Lair:4   | Noticed Kirke
 15047 | Lair:4   | Killed Kirke
 15118 | Lair:4   | Noticed Sonja
 15130 | Lair:4   | Killed Sonja
 15182 | Lair:4   | Gained mutation: Your large and strong wings let you fly indefinitely. [Gargoyle growth]
 15182 | Lair:4   | Reached XP level 14. HP: 92/92 MP: 14/14
 15260 | Lair:4   | Noticed Snorg
 15278 | Lair:4   | Killed Snorg
 15328 | Lair:4   | Reached skill level 10 in Shields
 15385 | Lair:4   | Received a gift from Trog
 16659 | Lair:6   | Entered Level 6 of the Lair of Beasts
 17534 | Lair:6   | Received a gift from Trog
 17559 | Lair:6   | Gained mutation: You are weak. (Str -2) [mutagenic meat]
 17560 | Lair:6   | Gained mutation: You are frail. (-10% HP) [mutagenic meat]
 17561 | Lair:6   | Gained mutation: Your body sometimes deteriorates upon taking damage. [mutagenic meat]
 17562 | Lair:6   | Lost mutation: You are weak. (Str -2) [potion of mutation]
 17562 | Lair:6   | Lost mutation: Your body sometimes deteriorates upon taking damage. [potion of mutation]
 17562 | Lair:6   | Lost mutation: You are frail. (-10% HP) [potion of mutation]
 17562 | Lair:6   | Gained mutation: You are frail. (-10% HP) [potion of mutation]
 17562 | Lair:6   | Gained mutation: Your body sometimes deteriorates upon taking damage. [potion of mutation]
 17562 | Lair:6   | Gained mutation: You have a pair of small horns on your head. [potion of mutation]
 17563 | Lair:6   | Lost mutation: Your body sometimes deteriorates upon taking damage. [mutagenic meat]
 17564 | Lair:6   | Gained mutation: Your spells are a little harder to cast, but a little more powerful. [mutagenic meat]
 17565 | Lair:6   | Lost mutation: You are frail. (-10% HP) [potion of mutation]
 17565 | Lair:6   | Lost mutation: Your spells are a little harder to cast, but a little more powerful. [potion of mutation]
 17565 | Lair:6   | Lost mutation: You have a pair of small horns on your head. [potion of mutation]
 17565 | Lair:6   | Gained mutation: Your skin changes colour to match your surroundings (Stealth+). [potion of mutation]
 17565 | Lair:6   | Gained mutation: Your movements are slightly less encumbered by armour. (ER -2) [potion of mutation]
 17780 | Lair:6   | Reached XP level 15. HP: 80/99 MP: 15/15
 17879 | Lair:6   | Found a viscous altar of Jiyva.
 17880 | Lair:6   | Found a staircase to the Slime Pits.
 19096 | D:11     | Killed a tengu reaver
 19114 | D:11     | Got a smoking steel amulet
 19117 | D:11     | Got a smoking scarf
 19128 | D:11     | Identified the cursed scarf "Liceor" {Int+2} (You found it on level 11 of the Dungeon)
 19130 | D:11     | Identified the amulet "Enea" {RegenMP rElec rPois Str+7 Stlth-} (You found it on level 11 of the Dungeon)
 19356 | D:12     | Received a gift from Trog
 19899 | D:13     | Found a gate to the Vaults.
 20671 | D:14     | Found an iron altar of Okawaru.
 20721 | D:14     | Found a glowing golden altar of the Shining One.
 20941 | D:14     | Received a gift from Trog
 21188 | D:14     | Noticed Urug
 21199 | D:14     | Killed Urug
 21450 | D:15     | Entered Level 15 of the Dungeon
 21659 | D:15     | Reached XP level 16. HP: 86/106 MP: 16/16
 21712 | D:15     | Found a staircase to the Depths.
 21776 | D:15     | Found a shimmering altar of Xom.
 21777 | D:15     | Found a basalt altar of Yredelemnul.
 21777 | D:15     | Found a sparkling altar of Nemelex Xobeh.
 21884 | D:15     | Noticed Rupert
 21898 | D:15     | Killed Rupert
 22668 | D:15     | Reached skill level 15 in Armour
 22930 | D:15     | Reached skill level 15 in Fighting
 23291 | Orc:1    | Entered Level 1 of the Orcish Mines
 23319 | Orc:1    | Received a gift from Trog
 23496 | D:11     | Received a gift from Trog
 23899 | Orc:1    | Noticed Erolcha
 23905 | Orc:1    | Killed Erolcha
 24156 | Orc:2    | Entered Level 2 of the Orcish Mines
 24247 | Orc:2    | Found Sinaduus's Assorted Antiques.
 24316 | Orc:2    | Reached XP level 17. HP: 66/113 MP: 17/17
 25005 | Orc:2    | Found Uwkoeh's Jewellery Emporium.
 25007 | Orc:2    | Found Fagacs's General Store.
 25021 | Orc:2    | Found a staircase to the Elven Halls.
 25041 | Orc:2    | Found Etwanun's Antique Weapon Shoppe.
 25179 | Orc:2    | Found Hofoami's General Store.
 25199 | Orc:2    | Received a gift from Trog
 25679 | Snake:1  | Entered Level 1 of the Snake Pit
 26460 | Snake:2  | Noticed Aizul
 26488 | Snake:2  | Killed Aizul
 26651 | Snake:2  | Found a runed door.
 27170 | Snake:2  | Noticed Vashnia
 27209 | Snake:2  | HP: 5/115 [Vashnia/bolt (13)]
 27507 | Snake:2  | Reached skill level 15 in Shields
 27608 | Snake:2  | Killed Vashnia
 27837 | Snake:3  | Received a gift from Trog
 28426 | Snake:3  | Noticed Frances
 28439 | Snake:3  | Killed Frances
 28854 | Snake:3  | Reached XP level 18. HP: 112/122 MP: 18/18
 29052 | Snake:4  | Entered Level 4 of the Snake Pit
 29071 | Snake:4  | Upgraded the game from 0.21-a0-286-g6fcecc0 to 0.21-a0-331-gfb491b4
 30034 | Snake:4  | Received a gift from Trog
 30635 | Snake:4  | Got a serpentine rune of Zot
 30957 | Shoals:1 | Entered Level 1 of the Shoals
 31592 | Shoals:1 | Reached XP level 19. HP: 119/129 MP: 19/19
 32490 | Shoals:2 | Noticed Polyphemus
 32502 | Shoals:2 | Received a gift from Trog
 32528 | Shoals:2 | Killed Polyphemus
 32974 | Shoals:3 | Noticed Ilsuiw
 33018 | Shoals:3 | Killed Ilsuiw
 33637 | Shoals:4 | Entered Level 4 of the Shoals
 34128 | Shoals:4 | Found a shattered altar of Ashenzari.
 34251 | Shoals:4 | Found a shimmering altar of Xom.
 35566 | Shoals:4 | Got a barnacled rune of Zot
 35903 | Vaults:1 | Entered Level 1 of the Vaults
 35903 | Vaults:1 | Identified a scroll of acquirement
 35908 | Vaults:1 | Found the +0 pair of fencer's gloves {+Riposte Dex+3}
 36378 | Vaults:1 | Received a gift from Trog
 36453 | Vaults:1 | Reached XP level 20. HP: 137/137 MP: 20/20
 36688 | Vaults:1 | Noticed Donald
 36700 | Vaults:1 | Killed Donald
 37181 | Vaults:1 | Paralysed by a sphinx for 5 turns
 37577 | Vaults:2 | Got an ancient plate armour
 37588 | Vaults:2 | Identified the cursed +1 plate armour of Omission {Dex+5} (You found it on level 2 of the Vaults)
 38628 | Vaults:2 | Received a gift from Trog
 38896 | Vaults:2 | Found Wimoih's General Store.
 39361 | Vaults:2 | Reached XP level 21. HP: 132/145 MP: 21/21
 39373 | Vaults:2 | Found a staircase to the Crypt.
 39651 | Depths:1 | Entered Level 1 of the Depths
 39654 | Depths:1 | Noticed Nikola
 39685 | Depths:1 | Killed Nikola
 39767 | Depths:1 | Paralysed by an ogre mage for 4 turns
 39854 | Depths:1 | Found a bloodstained altar of Trog.
 40439 | Depths:1 | Received a gift from Trog
 41826 | Vaults:2 | Upgraded the game from 0.21-a0-331-gfb491b4 to 0.21-a0-338-g36cf2fc
 42009 | Vaults:3 | Received a gift from Trog
 42157 | Vaults:3 | Found Diwn's Food Shop.
 42445 | Vaults:3 | Found Uduxuint's Distillery.
 42467 | Vaults:3 | Got a pair of spiked boots
 42478 | Vaults:3 | Identified the +2 pair of boots "Plog" {rC+ Dex+7} (You acquired it on level 3 of the Vaults)
 42738 | Vaults:3 | Found Soocruqe's Armour Boutique.
 42820 | Vaults:3 | Received a gift from Trog
 43020 | Vaults:3 | Found Guseg's Armour Shoppe.
 43046 | Vaults:3 | Found Monuiwn's Antique Weapon Shop.
 43219 | Vaults:3 | Reached XP level 22. HP: 153/153 MP: 22/22
 44098 | Vaults:4 | Received a gift from Trog
 44356 | Vaults:4 | Paralysed by a sphinx for 7 turns
 44916 | Vaults:4 | Paralysed by an ogre mage for 4 turns
 45382 | Depths:1 | Received a gift from Trog
 45417 | Depths:1 | Lost intelligence.
 45702 | Depths:1 | Found a gateway to Hell.
 45873 | Depths:1 | Found a one-way gate to the infinite horrors of the Abyss.
 46071 | Depths:1 | Found a sparkling altar of Nemelex Xobeh.
 46902 | Depths:2 | Found Firchinui's Armour Shoppe.
 47024 | Depths:2 | Reached XP level 23. HP: 159/159 MP: 23/23
 47250 | Depths:2 | Received a gift from Trog
 47637 | Depths:2 | Found a portal to a secret trove of treasure.
 48139 | Depths:3 | Found the +2 pair of boots of the Assassin {Detection Stab+ Stlth++}
 48279 | Depths:3 | Noticed a caustic shrike
 48302 | Depths:3 | Killed a caustic shrike
 48371 | Depths:3 | Found a one-way gate leading to the halls of Pandemonium.
 48371 | Depths:3 | Noticed a juggernaut
 48385 | Depths:3 | Killed a juggernaut
 48385 | Depths:3 | Received a gift from Trog
 48742 | Depths:3 | Cast into level 3 of the Abyss (a deep elf sorcerer)
 49141 | Depths:3 | Escaped the Abyss
 49256 | Depths:3 | Noticed a caustic shrike
 49280 | Depths:3 | Killed a caustic shrike
 49326 | Depths:3 | Noticed Mara
 49345 | Depths:3 | Noticed Scytalen's illusion
 49388 | Depths:3 | Received a gift from Trog
 49769 | Depths:3 | Reached XP level 24. HP: 157/164 MP: 23/23
 50133 | Depths:3 | Noticed Scytalen's illusion
 50175 | Depths:3 | Killed Mara
 50835 | Depths:3 | Reached skill level 5 in Dodging
 51466 | Depths:3 | Received a gift from Trog
 51668 | Depths:3 | Found Gockag's Gadget Emporium.
 51668 | Depths:3 | Found Urocoupt's Book Shop.
 51668 | Depths:3 | Found Wociullu's Gadget Shop.
 51668 | Depths:3 | Found Boll's General Store.
 51678 | Depths:3 | Bought a scroll of brand weapon for 360 gold pieces
 51765 | Depths:3 | Noticed Boris
 51809 | Depths:3 | Killed Boris
 52318 | Depths:4 | Upgraded the game from 0.21-a0-338-g36cf2fc to 0.21-a0-344-g2144152
 52394 | Depths:4 | Found the ring of Shadows {Umbra +Inv Stlth+}
 52777 | Depths:4 | Noticed Sojobo
 52792 | Depths:4 | Killed Sojobo
 52984 | Depths:4 | Cast into level 3 of the Abyss (a deep elf demonologist)
 53270 | Abyss:3  | Reached XP level 25. HP: 135/172 MP: 23/23
 53328 | Abyss:3  | Received a gift from Trog
 53333 | Depths:4 | Escaped the Abyss
 53491 | Depths:4 | Noticed a juggernaut
 53493 | Depths:4 | Noticed Xtahua
 53500 | Depths:4 | Killed a juggernaut
 53508 | Depths:4 | Killed Xtahua
 54324 | Depths:4 | Received a gift from Trog
 54507 | Depths:4 | Got a pair of heavily runed gloves
 54518 | Depths:4 | Identified the +2 pair of gloves "Hassyno" {Int+2} (You found it on level 4 of the Depths)
 54921 | Depths:5 | Entered Level 5 of the Depths
 55747 | Depths:5 | Found a gateway to a ziggurat.
 55759 | Depths:5 | Found Jeujibag's One-of-a-Kind Books.
 56002 | Depths:5 | Noticed a juggernaut
 56019 | Depths:5 | Killed a juggernaut
 56327 | Depths:5 | Found a gate to the Realm of Zot.
 56474 | Depths:5 | Found Degeolie's Jewellery Emporium.
 56476 | Depths:5 | Found Xutownooch's Gadget Boutique.
 56477 | Depths:5 | Found Feuhoe's Jewellery Emporium.
 56486 | Depths:5 | Bought the ring of Piageaki {*Contam rF+ rC+ Str+6 Dex+10} for 1474 gold pieces
 56979 | Vaults:5 | Entered Level 5 of the Vaults
 56988 | Vaults:5 | Reached XP level 26. HP: 171/180 MP: 23/23
 57061 | Vaults:5 | Received a gift from Trog
 57094 | Vaults:5 | Paralysed by a sphinx for 7 turns
 57630 | Vaults:5 | Received a gift from Trog
 57728 | Vaults:5 | Reached skill level 10 in Dodging
 57903 | Vaults:5 | Got a fine sapphire amulet
 57921 | Vaults:5 | Identified the amulet of Optimism {Harm *Drain +Fly rN+ Dex+8 Stlth-} (You took it off an ironheart preserver on level 5 of the Vaults)
 58117 | Vaults:5 | Received a gift from Trog
 58157 | Vaults:5 | Noticed an ancient lich
 58167 | Vaults:5 | Killed an ancient lich
 58167 | Vaults:5 | Received a gift from Trog
 58169 | Vaults:5 | Reached XP level 27. HP: 188/188 MP: 23/23
 58201 | Vaults:5 | Got a shimmering morningstar {god gift}
 58202 | Vaults:5 | Identified the +1 morningstar "Hoasepergh" {freeze, rC+ Str+9} (Trog gifted it to you on level 5 of the Vaults)
 58880 | Vaults:5 | Got a silver rune of Zot
 59827 | Zot:1    | Entered Level 1 of the Realm of Zot
 61609 | Zot:3    | Received a gift from Trog
 63325 | Zot:5    | Entered Level 5 of the Realm of Zot
 63777 | Zot:5    | Received a gift from Trog
 63835 | Zot:5    | Noticed an ancient lich
 63871 | Zot:5    | Killed an ancient lich
 63884 | Zot:5    | Noticed an orb of fire
 63887 | Zot:5    | Gained mutation: Your magical capacity is low. (-10% MP) [an orb of fire]
 63896 | Zot:5    | Gained mutation: You occasionally shout uncontrollably at your foes. [an orb of fire]
 63901 | Zot:5    | Gained mutation: You are frail. (-10% HP) [an orb of fire]
 63903 | Zot:5    | Killed an orb of fire
 63907 | Zot:5    | Noticed an orb of fire
 63917 | Zot:5    | Gained mutation: You are weak. (Str -2) [an orb of fire]
 63918 | Zot:5    | Killed an orb of fire
 64014 | Zot:5    | Noticed an ancient lich
 64018 | Zot:5    | Noticed an orb of fire
 64026 | Zot:5    | Killed an ancient lich
 64038 | Zot:5    | Killed an orb of fire
 64041 | Zot:5    | Noticed an orb of fire
 64043 | Zot:5    | Noticed an orb of fire
 64044 | Zot:5    | Gained mutation: You are dopey. (Int -2) [an orb of fire]
 64048 | Zot:5    | Gained mutation: Your magical capacity is very low. (-20% MP) [an orb of fire]
 64050 | Zot:5    | Killed an orb of fire
 64055 | Zot:5    | Killed an orb of fire
 64153 | Zot:5    | Received a gift from Trog
 64258 | Zot:5    | Got the Orb of Zot
 64311 | Zot:5    | Noticed an ancient lich
 64321 | Zot:5    | Killed an ancient lich
 64330 | Zot:5    | Noticed Qaumm the pandemonium lord
 64867 | D:$      | Escaped with the Orb!

Vault maps used:
D:1:      minmay_arrival_glassed_features, nicolae_ashenzari_panopticon
D:2:      okawaru_ov_weapons_minmay, feat_on_display, uniq_robin
D:3:      amethyst_overflow_temple_binary, first_bread
D:4:      minivault_4
D:5:      black_bear_nest_2, serial_glass, glass_columns_c, glass_columns_a,
          uniq_eustachio
D:6:      old_standard_altar, minmay_misc_feat_square, hangedman_feature_mirror,
          led_sif_pool, uniq_crazy_yiuf_cottage, uniq_pikel
D:7:      old_standard_altar, kennysheep_mini, gammafunk_temple_overflow_pools,
          minmay_temple_entry_junction
D:8:      enter_bailey_2, uniq_erica
D:9:      nicolae_overflow_hidden_temple, hangedman_ranch,
          basic_loot_grate_trap, minmay_lizard_king
D:10:     dpeg_oklobed_lair, minmay_strange_pillars, minivault_5
D:11:     gammafunk_sealed_arena, minmay_orc_entry_temple_small, serial_shops,
          shop, uniq_josephine, uniq_maurice
D:13:     erik_vaults_2
D:14:     serial_corexii_hall, corexii_hall_statues_s, corexii_hall_statues_t,
          hangedman_feature_mirror, uniq_urug
D:15:     hangedman_slaughterboxes, serial_shops, uniq_rupert
Lair:1:   patterned_corridor, grunt_megastairs_2, uniq_harold
Lair:2:   st_stairs_11
Lair:3:   minmay_shoals_entry_beasts, minmay_snake_entry_six_corridors,
          lemuel_fruit_fields, grunt_megastairs_3
Lair:4:   minmay_lair_venomous_thicket, uniq_sonja, uniq_kirke, uniq_snorg
Lair:5:   forest_entry_grove
Lair:6:   hangedman_lair_tendril_chambers, guppyfry_lair_end_dragon,
          slime_altar_1, eino_small_chamber_without_monster,
          serial_bayou_pond_a, grunt_forest_large_clearings, lemuel_fruit_tree
Shoals:2: uniq_polyphemus
Shoals:3: nicolae_shoals_wave_tunnel, uniq_ilsuiw
Shoals:4: shoals_end_grunt_ice, shoal_ilsuiw, hangedman_feature_mirror
Snake:1:  serial_bayou_shore_b
Snake:2:  cheibrodos_toxic_ritual, uniq_frances, uniq_aizul, uniq_vashnia
Snake:4:  johnstein_snake_rune_scales, nicolae_snake_double_loop
Orc:1:    serial_shops, rock_pile, uniq_erolcha
Orc:2:    st_orc_open, serial_shops, shop, nicolae_orc_lava_room
Vaults:1: vaults_room_grunt_arrival_checkpoint,
          nicolae_vaults_twisting_passages, v_misc_24, vaults_room_pool,
          vaults_room_hallway, hangedman_vaults_trim, ontoclasm_vaults_shuriken,
          vaults_mumra_lcd, v_alt_pattern_5, v_misc_14, ontoclasm_vaults_idyll,
          grunt_vaults_swirl, st_more_cells, v_misc_15, dpeg_vaults_monster_box,
          uniq_donald
Vaults:2: nicolae_vaults_ninety_degrees, v_alt_pattern_6, v_misc_13,
          minmay_crypt_entry_skeletal_spiral, ontoclasm_vaults_chip,
          hangedman_vaults_corner_blocks, vaults_mumra_hexcomb,
          nicolae_vaults_border_crossing, serial_shops, shop_fountains
Vaults:3: vaults_mumra_hex, grunt_vaults_focal, st_diamondy,
          vaults_mumra_minichess_inversion, v_misc_10, v_misc_13,
          hangedman_vaults_river_flow, nicolae_vaults_big_angled_halls,
          nicolae_vaults_alarming, hangedman_vaults_cutoff,
          nicolae_vaults_asterisk, ontoclasm_vaults_misaligned,
          nicolae_vaults_asterisk, serial_shops, nicolae_shop_crystal, shop,
          shop, shop, shop
Vaults:4: vaults_room_stairs_pillars, vaults_standard_mumra_lines,
          nicolae_vaults_ring_of_whatevers, nicolae_vaults_yaktaur_gun_rack,
          ontoclasm_vaults_shout, hangedman_vaults_hat,
          grunt_vaults_hallway_long, nicolae_vaults_asterisk, v_misc_18,
          nicolae_vaults_little_ls, nicolae_vaults_little_squares_2,
          vaults_dpeg_cross, v_rooms_5, v_misc_18, v_misc_14,
          vaults_mumra_chevron, nicolae_vaults_hallways_thing,
          ontoclasm_vaults_loading_screen
Depths:1: grunt_crosshair, abyss_entry_crystal, hangedman_coc_ice_floe,
          lemuel_round_altar, nemelex_xobeh_ov_fountains_minmay, uniq_nikola
Depths:2: minmay_skeleton_keep, kennysheep_cluttered_room, hell_entry,
          nicolae_trove_entry_crossroad, kennysheep_windowed_goal
Depths:3: hangedman_box_tower, pan_entry, hellmouth_1, grunt_decor_mini_mirrors,
          minmay_protected_statue, infiniplex_staircase_river, uniq_mara,
          uniq_boris
Depths:4: minmay_the_grid_square_5x5_4x4_mashed, hangedman_decor_opposing,
          abyss_entry, grunt_hell_entry_dis_mu, nicolae_lava_and_water,
          minivault_21, minmay_strange_pillars, uniq_sojobo, uniq_xtahua
Depths:5: evilmike_zot_entry_argh, enter_ziggurat_b, hell_entry,
          nicolae_rare_books, kennysheep_random_hallway, minmay_shop_grove
Zot:1:    grunt_twist_and_shout
Zot:3:    st_stairs_13
Zot:4:    lemuel_baited_zot_trap, grunt_ministairs_7, st_small_dragon_hoard_3,
          hangedman_zot_diagonal_lockstep
Abyss:3:  evilmike_abyss_rune_ettins, hangedman_abyss_rune_macabre_mess
Bailey:   bailey_axe_1, bailey

Skill      XL: |  1  2  3  4  5  6  7  8  9 10 11 12 13 14 15 16 17 18 19 20 21 22 23 24 25 26 27 |
---------------+----------------------------------------------------------------------------------+-----
Maces & Flails | 4 6 8 9 11 12 13 14 15 16 17 18 19 21 | 21.6
Fighting       | 5 8 10 11 12 13 14 15 16 17 18 19 20 21 22 23 25 | 25.4
Armour         | 5 7 9 11 12 13 14 15 16 17 18 19 20 21 22 23 25 | 25.4
Shields        | 8 11 12 14 15 16 18 19 20 22 25 | 25.0
Dodging        | 2 7 9 10 14 | 14.0

Action                   |  1- 3 |  4- 6 |  7- 9 | 10-12 | 13-15 | 16-18 | 19-21 | 22-24 | 25-27 || total
-------------------------+-------+-------+-------+-------+-------+-------+-------+-------+-------++-------
Melee: Mace              |   143 |   225 |       |       |       |       |       |       |       ||   368
       Flail             |       |       |   307 |   208 |  1202 |   570 |       |       |       ||  2287
       Whip              |       |       |    37 |       |       |       |       |       |       ||    37
       Morningstar       |       |       |       |   543 |   153 |       |       |       |       ||   696
       Demon whip        |       |       |       |       |       |  1207 |  2486 |  2385 |       ||  6078
       Eveningstar       |       |       |       |       |       |       |       |   268 |  2234 ||  2502
Throw: Stone             |    20 |    50 |    19 |    45 |   102 |   187 |   113 |    52 |    83 ||   671
       Tomahawk          |       |       |    64 |   171 |   116 |       |       |       |       ||   351
Invok: Berserk           |     1 |     4 |     4 |    20 |    12 |    11 |     8 |    12 |     7 ||    79
       Trog's Hand       |       |     1 |     1 |     2 |     2 |     7 |     2 |     7 |    17 ||    39
       Brothers in Arms  |       |       |     2 |     1 |     2 |     2 |     1 |     1 |     8 ||    17
 Abil: Fly               |       |       |       |       |       |       |     4 |     1 |     1 ||     6
       Stop Flying       |       |       |       |       |       |       |     4 |     1 |       ||     5
Evoke: Lamp of fire      |       |       |       |     1 |       |       |       |       |     1 ||     2
       Wand              |       |       |       |     1 |     1 |     1 |     1 |     1 |       ||     5
       Lightning rod     |       |       |       |       |       |       |       |       |     4 ||     4
  Use: Scroll            |       |       |    10 |    15 |    11 |     8 |     9 |     9 |     9 ||    71
       Potion            |       |       |       |     1 |     2 |     3 |       |       |     4 ||    10
 Stab: Held in net/web   |       |       |       |       |     1 |       |       |       |       ||     1
       Petrified         |       |       |       |       |       |       |    16 |       |       ||    16
       Petrifying        |       |       |       |       |       |       |     2 |       |       ||     2
       Distracted        |       |       |       |       |       |       |       |       |    10 ||    10
  Eat: Chunk             |     1 |    10 |    16 |    35 |    46 |    39 |    40 |    31 |    43 ||   261
       Meat ration       |       |       |       |     1 |       |       |       |       |       ||     1
       Royal jelly       |       |       |       |       |     1 |       |       |       |       ||     1
       Bread ration      |       |       |       |       |       |     2 |     2 |     4 |     4 ||    12
       Fruit             |       |       |       |       |       |     1 |       |     1 |       ||     2
Armor: Chain mail        |    96 |   176 |       |       |       |       |       |       |       ||   272
       Animal skin       |     2 |       |       |       |       |       |       |       |       ||     2
       Scale mail        |       |    12 |   115 |       |       |       |       |       |       ||   127
       Plate armour      |       |       |    39 |   522 |   666 |   764 |  1064 |   577 |       ||  3632
       Gold dragon scale |       |       |       |       |       |       |       |    17 |   554 ||   571
Dodge: Dodged            |    71 |   132 |   122 |   226 |   297 |   426 |   470 |   271 |   509 ||  2524
Block: Other             |       |       |    28 |   124 |    36 |       |       |       |       ||   188
       Reflection        |       |       |       |    21 |     8 |       |       |       |       ||    29
       Buckler           |       |       |       |       |   493 |   612 |   835 |     5 |       ||  1945
       Large shield      |       |       |       |       |       |       |       |  2105 |  2533 ||  4638
       Rpst.: Demon whip |       |       |       |       |       |       |    77 |    20 |       ||    97
       Eveningstar       |       |       |       |       |       |       |       |     6 |    58 ||    64

Table legend:
 A = Spawn XP
 B = Non-spawn XP
 C = Spawn XP percentage of total XP
 D = Spawn monster count
 E = Non-spawn monster count
 F = Spawn count percentage of total count
 G = Total turns spent on level
                    A         B        C        D         E        F      G
               +---------+---------+-------+---------+---------+-------+---------
         Total |   16780 | 1642775 |   1.0 |      29 |    2359 |   1.2 | 64867
               +---------+---------+-------+---------+---------+-------+---------
           D:1 |       0 |      63 |   0.0 |       0 |      29 |   0.0 |   980
           D:2 |       0 |      66 |   0.0 |       0 |      23 |   0.0 |   744
           D:3 |       0 |     369 |   0.0 |       0 |      29 |   0.0 |  1300
           D:4 |       0 |     798 |   0.0 |       0 |      20 |   0.0 |  1064
           D:5 |       0 |    1083 |   0.0 |       0 |      27 |   0.0 |  1290
           D:6 |       0 |    1819 |   0.0 |       0 |      43 |   0.0 |  1014
           D:7 |       0 |    1322 |   0.0 |       0 |      15 |   0.0 |   956
           D:8 |       0 |    3930 |   0.0 |       0 |      27 |   0.0 |   613
           D:9 |       0 |    7037 |   0.0 |       0 |      42 |   0.0 |  1405
          D:10 |       0 |    5037 |   0.0 |       0 |      28 |   0.0 |  1349
          D:11 |       0 |   11004 |   0.0 |       0 |      62 |   0.0 |  1670
          D:12 |       0 |    3342 |   0.0 |       0 |      30 |   0.0 |   816
          D:13 |       0 |   14873 |   0.0 |       0 |      28 |   0.0 |   881
          D:14 |       0 |   10973 |   0.0 |       0 |      30 |   0.0 |  1011
          D:15 |       0 |   48650 |   0.0 |       0 |      84 |   0.0 |  3350
        Lair:1 |       0 |    4982 |   0.0 |       0 |      16 |   0.0 |  1040
        Lair:2 |       0 |    5724 |   0.0 |       0 |      25 |   0.0 |  1360
        Lair:3 |       0 |   10554 |   0.0 |       0 |      47 |   0.0 |  1078
        Lair:4 |       0 |    7981 |   0.0 |       0 |      25 |   0.0 |   754
        Lair:5 |       0 |    3828 |   0.0 |       0 |      16 |   0.0 |  1111
        Lair:6 |       0 |   29277 |   0.0 |       0 |     112 |   0.0 |  1912
      Shoals:1 |       0 |   12198 |   0.0 |       0 |      29 |   0.0 |   904
      Shoals:2 |       0 |   15006 |   0.0 |       0 |      26 |   0.0 |   851
      Shoals:3 |       0 |   12577 |   0.0 |       0 |      24 |   0.0 |  1271
      Shoals:4 |       0 |   33912 |   0.0 |       0 |      49 |   0.0 |  1719
       Snake:1 |       0 |    9279 |   0.0 |       0 |      17 |   0.0 |   683
       Snake:2 |       0 |   25066 |   0.0 |       0 |      34 |   0.0 |  1814
       Snake:3 |       0 |   24801 |   0.0 |       0 |      42 |   0.0 |  1101
       Snake:4 |       0 |   55941 |   0.0 |       0 |      93 |   0.0 |  1662
         Orc:1 |       0 |    6457 |   0.0 |       0 |      45 |   0.0 |  1100
         Orc:2 |       0 |   17358 |   0.0 |       0 |      47 |   0.0 |   897
      Vaults:1 |       0 |   53100 |   0.0 |       0 |      72 |   0.0 |  1693
      Vaults:2 |       0 |   60188 |   0.0 |       0 |      94 |   0.0 |  2330
      Vaults:3 |       0 |   54194 |   0.0 |       0 |      97 |   0.0 |  2086
      Vaults:4 |       0 |   53777 |   0.0 |       0 |      74 |   0.0 |  1315
      Vaults:5 |       0 |  204971 |   0.0 |       0 |     187 |   0.0 |  2477
      Depths:1 |       0 |   77812 |   0.0 |       0 |     100 |   0.0 |  1973
      Depths:2 |       0 |   63364 |   0.0 |       0 |      88 |   0.0 |  1636
      Depths:3 |       0 |  148188 |   0.0 |       0 |     116 |   0.0 |  4228
      Depths:4 |    1468 |  100252 |   1.4 |       2 |      81 |   2.4 |  2020
      Depths:5 |       0 |   68596 |   0.0 |       0 |      63 |   0.0 |  1734
         Zot:1 |       0 |   36725 |   0.0 |       0 |      30 |   0.0 |   588
         Zot:2 |       0 |   17027 |   0.0 |       0 |      12 |   0.0 |   839
         Zot:3 |       0 |   44689 |   0.0 |       0 |      25 |   0.0 |  1269
         Zot:4 |       0 |   56518 |   0.0 |       0 |      26 |   0.0 |   867
         Zot:5 |       0 |  195904 |   0.0 |       0 |      68 |   0.0 |  1009
       Abyss:3 |   15312 |   20108 |  43.2 |      27 |      29 |  48.2 |   748
        Bailey |       0 |    2055 |   0.0 |       0 |      33 |   0.0 |   355
               +---------+---------+-------+---------+---------+-------+---------
